Map: Ultralove

Players

Lambo - Winner!

  • Race: Zerg Zerg
  • Spawn Location: 1:00

DnS

  • Race: Protoss Protoss
  • Spawn Location: 7:00

Event: HomeStory Cup XXVII

VOD

Have the link to the VOD?

Description

Time

  • Played on: June 27, 2025, 9:33 a.m.
  • Length: 8:10

All games in this series

Show
View Real Time Build Order
Export as new Build Order

Lambo Zerg - Winner!

Build Orders: Hatch First 

Get SALT Encoding   

  12  0:00  Drone  
  13  0:07  Drone  
  14  0:14  Extractor  
  14  0:15  Drone  
  14  0:21  Overlord  
  15  0:40  Drone  
  16  0:45  Hatchery  
  16  0:49  Drone  
  16  0:52  Drone  
  16  0:55  Drone  
  18  1:07  Extractor  
  18  1:11  Spawning Pool  
  16  1:14  Drone  
  16  1:17  Drone  
  18  1:26  Drone  
  19  1:37  Drone  
  20  1:48  Drone  
  21  1:57  Queen x2  
  21  1:58  Zergling x2, Overlord  
  26  2:07  Drone  
  27  2:09  Drone  
  27  2:11  Metabolic Boost  
  28  2:19  Drone  
  28  2:20  Drone  
  31  2:30  Drone  
  31  2:33  Hatchery  
  31  2:35  Drone  
  31  2:40  Drone  
  31  2:41  Overlord  
  32  2:49  Queen  
  34  2:54  Overlord  
  34  2:55  Drone  
  35  3:02  Drone  
  35  3:03  Drone  
  37  3:07  Drone x3  
  37  3:08  Drone x2  
  37  3:10  Drone  
  43  3:17  Queen  
  45  3:22  Zergling x2, Spore Crawler  
  45  3:23  Zergling x2  
  46  3:29  Drone  
  46  3:30  Zergling x2  
  46  3:32  Spore Crawler  
  47  3:35  Queen  
  47  3:40  Drone x3  
  52  3:43  Overlord  
  52  3:51  Drone x5  
  57  3:57  Zergling x2  
  57  3:59  Overlord  
  57  4:00  Overlord  
  59  4:02  Drone  
  59  4:05  Drone  
  56  4:10  Drone  
  61  4:17  Drone x5  
  61  4:20  Drone  
  63  4:27  Spore Crawler  
  63  4:30  Overlord  
  63  4:31  Drone x2  
  64  4:34  Lair, Extractor  
  64  4:35  Drone  
  64  4:39  Zergling x4  
  64  4:42  Zergling x4  
  64  4:43  Zergling x8  
  72  4:48  Drone  
  72  4:51  Drone  
  74  4:58  Drone x5  
  78  5:04  Drone  
  78  5:07  Drone  
  78  5:10  Drone  
  78  5:13  Extractor  
  79  5:15  Drone x3, Extractor  
  79  5:17  Roach Warren  
  79  5:20  Drone x2  
  80  5:23  Drone x2  
  80  5:27  Overlord  
  82  5:28  Drone, Extractor  
  82  5:29  Extractor  
  82  5:32  Drone  
  82  5:33  Overlord  
  82  5:34  Overlord  
  82  5:35  Overlord  
  82  5:39  Overlord  
  82  5:42  Overlord  
  82  5:45  Overlord, Queen  
  82  5:47  Drone x2  
  86  5:50  Drone  
  86  5:54  Hatchery  
  86  5:55  Drone x3  
  88  6:00  Roach x5  
  88  6:01  Glial Reconstitution, Pneumatized Carapace  
  88  6:03  Roach  
  100  6:05  Overlord  
  100  6:07  Overlord  
  100  6:09  Overlord  
  100  6:15  Queen  
  100  6:16  Roach  
  104  6:21  Roach x2  
  110  6:25  Roach  
  110  6:26  Roach x3  
  110  6:29  Roach x2  
  110  6:31  Roach  
  122  6:35  Roach x3  
  122  6:37  Roach  
  129  6:46  Roach x4  
  135  6:49  Ravager x3  
  135  6:52  Ravager, Roach x4  
  135  6:53  Ravager x2  
  149  6:59  Roach x3  
  155  7:06  Zergling x12  
  161  7:11  Ravager x3  
  161  7:14  Roach x2  
  168  7:20  Overlord x2  
  168  7:22  Queen  
  167  7:25  Overlord  
  167  7:28  Roach  
  165  7:36  Roach x6  
  167  7:42  Roach x3  
  167  7:47  Roach x2  
  167  7:50  Roach x2  
  171  7:54  Infestation Pit  
  171  7:55  Evolution Chamber  
  181  8:06  Hydralisk Den  
Show
View Real Time Build Order
Export as new Build Order

DnS Protoss 

Build Orders: 1 Gate Expand, Oracle Opening 

Get SALT Encoding   

  12  0:00  Probe  
  13  0:12  Probe  
  14  0:17  Pylon  
  14  0:24  Probe  
  14  0:27  Assimilator  
  15  0:35  Probe  
  16  0:42  Gateway  
  16  0:43  Probe  
  17  0:51  Probe  
  18  1:03  Probe  
  19  1:15  Probe  
  20  1:23  Nexus  
  20  1:33  Cybernetics Core  
  20  1:37  Probe  
  21  1:42  Assimilator  
  21  1:49  Probe  
  21  1:52  Pylon  
  22  2:01  Probe  
  23  2:10  Stargate  
  23  2:12  Adept  
  25  2:16  Probe  
  25  2:20  Warp Gate  
  26  2:28  Probe  
  27  2:31  Probe  
  28  2:39  Probe  
  28  2:40  Probe  
  28  2:42  Adept  
  28  2:44  Oracle  
  32  2:49  Probe  
  32  2:52  Probe  
  37  3:01  Probe  
  37  3:04  Probe  
  39  3:06  Pylon  
  39  3:11  Oracle  
  39  3:12  Adept  
  41  3:14  Probe  
  41  3:17  Probe  
  43  3:26  Probe  
  47  3:29  Probe  
  47  3:32  Gateway  
  48  3:38  Oracle  
  48  3:40  Probe  
  48  3:41  Probe  
  50  3:54  Nexus  
  53  3:59  Pylon  
  53  4:08  Probe  
  54  4:11  Pylon  
  54  4:17  Probe, Stalker  
  54  4:20  Probe  
  58  4:26  Adept  
  58  4:29  Probe, Robotics Facility  
  61  4:32  Probe, Assimilator  
  61  4:34  Assimilator  
  62  4:41  Probe  
  62  4:42  Gateway, Forge  
  62  4:43  Pylon  
  62  4:44  Probe  
  64  5:02  Probe  
  64  5:04  Probe  
  64  5:05  Probe  
  62  5:10  Probe  
  62  5:13  Probe  
  59  5:16  Probe  
  59  5:19  Probe  
  62  5:22  Sentry, Zealot  
  62  5:23  Probe  
  62  5:25  Shield Battery  
  65  5:28  Probe  
  65  5:29  Robotics Bay  
  65  5:31  Probe, Robotics Facility  
  65  5:32  Observer, Probe  
  69  5:38  Protoss Ground Weapons Level 1  
  69  5:40  Probe x2  
  69  5:41  Immortal  
  70  5:43  Probe  
  70  5:49  Probe  
  72  5:53  Probe  
  72  5:55  Probe  
  77  5:59  Assimilator  
  77  6:01  Pylon, Assimilator, Twilight Council  
  77  6:02  Probe  
  78  6:05  Probe  
  78  6:07  Probe  
  78  6:08  Colossus  
  80  6:14  Probe  
  80  6:15  Observer  
  80  6:17  Probe  
  82  6:19  Pylon, Probe  
  82  6:25  Colossus  
  89  6:26  Probe, Photon Cannon  
  89  6:29  Probe, Photon Cannon  
  91  6:33  Photon Cannon  
  96  6:48  Shield Battery  
  96  6:50  Shield Battery  
  96  6:52  Pylon  
  96  6:54  Sentry x3  
  98  6:59  Gateway  
  98  7:01  Gateway  
  99  7:03  Gateway  
  99  7:04  Gateway  
  99  7:05  Immortal  
  103  7:14  Immortal  
  103  7:17  Zealot x3  
  103  7:38  Pylon  
  103  7:40  Pylon  
  103  7:42  Pylon  
  103  7:43  Sentry x3  
  81  7:59  Zealot x4  
Tags
 
Add a new tag
Caveats
  • Supply blocks, unpowered buildings, or Contaminate may cause inaccurate times.
  • Supply counts are checked every 10 seconds.